 Dungeon Crawl Stone Soup version 0.21.1-1-g345015f (webtiles) character file.

98 inc the Conjurer (level 4, -2/18 HPs)
             Began as a Felid Wizard on Feb 22, 2018.
             Was an Initiate of Gozag.
             Killed by divine providence
             ... invoked by an orc priest
              (13 damage)
             ... on level 4 of the Dungeon.
             The game lasted 00:09:39 (3705 turns).

inc the Conjurer (Felid Wizard)                     Turns: 3705, Time: 00:09:39

Health: -2/18      AC:  1    Str:  3    XL:     4   Next: 43%
Magic:  4/9        EV: 18    Int: 20    God:    Gozag
Gold:   135        SH:  0    Dex: 15    Spells: 3/9 levels left
                                        Lives:  0   Deaths: 1

rFire    . . .     SeeInvis +   (weapon unavailable)
rCold    . . .     Gourm    .   (shield unavailable)
rNeg     + . .     Faith    .   (armour unavailable)
rPois    .         Spirit   .   (helmet unavailable)
rElec    .         Reflect  .   (cloak unavailable)
rCorr    .         Harm     .   (gloves unavailable)
MR       .....                  (boots unavailable)
Stlth    +++.......             (no amulet)
HPRegen  0.06/turn              e - ring of wizardry
MPRegen  0.11/turn              m - ring of positive energy

@: quick
A: very small, no armour, no weapons or thrown items, stealth, claws 1, fangs 3,
see invisible, carnivore, speed 1, shaggy fur 1, slow metabolism 1, sharp paws
a: Potion Petition, Call Merchant, Bribe Branch, Renounce Religion


You were on level 4 of the Dungeon.
You worshipped Gozag.
Gozag was aware of your devotion.
You were not hungry.

You visited 1 branch of the dungeon, and saw 4 of its levels.

You collected 178 gold pieces.
You paid 43 gold pieces to Gozag.

Inventory:

Jewellery
 e - a ring of wizardry (left paw)
 m - a ring of positive energy (right paw)
 r - an uncursed ring of stealth
 w - an uncursed ring of ice
 y - an uncursed ring of fire
Scrolls
 c - 2 scrolls of enchant armour {unknown}
 d - a scroll of teleportation {unknown}
 h - a scroll of magic mapping {unknown}
 i - a scroll of noise {unknown}
 j - 3 scrolls of identify {unknown}
 k - 2 scrolls of enchant weapon {unknown}
 q - a scroll of remove curse {unknown}
 s - 2 scrolls of random uselessness {unknown}
 v - a scroll of fear {unknown}
 x - a scroll of blinking {unknown}
Potions
 f - 2 potions of curing {unknown}
 g - a potion of brilliance {unknown}
 l - a potion of invisibility
 n - a potion of haste {unknown}
 o - a potion of flight {unknown}
 p - a potion of degeneration {unknown}
 t - a potion of agility
 u - a potion of might {unknown}
Books
 a - a book of Minor Magic

   Spells                             Type                      Level
   a - Magic Dart                     Conjuration                  1
   b - Blink                          Translocation                2
   c - Call Imp                       Summoning                    2
   d - Slow                           Hexes                        2
   e - Conjure Flame                  Conjuration/Fire             3
   f - Mephitic Cloud                 Conjuration/Poison/Air       3
Comestibles
 b - 7 rations


   Skills:
 - Level 2.6 Dodging
 - Level 2.6 Stealth
 - Level 3.0 Spellcasting
 - Level 3.5 Conjurations
 - Level 1.0 Summonings
   Level 1.5 Translocations
 + Level 2.1 Air Magic
 + Level 2.1 Poison Magic


You had 3 spell levels left.
You knew the following spells:

 Your Spells              Type           Power        Failure   Level  Hunger
a - Magic Dart            Conj           ###.         1%          1    None
b - Mephitic Cloud        Conj/Pois/Air  ##......     6%          3    ###....
c - Call Imp              Summ           #.......     6%          2    ##.....


Dungeon Overview and Level Annotations

Branches:
Dungeon (4/15)
 Temple: D:4-7

Altars:
Gozag
Okawaru
Trog
Vehumet
Zin

Annotations:
D:3 Grinder


Innate Abilities, Weirdness & Mutations

You cannot wear armour.
You are incapable of wielding weapons or throwing items.
Your paws allow you to move quietly. (Stealth)
You have sharp claws.
You have razor-sharp teeth.
You have supernaturally acute eyesight. (SInv)
You are carnivorous and can eat meat at any time.
You cover ground quickly.
You are covered in fur. (AC +1)
You have a slow metabolism.
Your sharp claws are effective at attacking unaware monsters.


Message History

The orc hits your crimson imp with a club.
Casting: Magic Dart
Confirm with . or Enter, or press ? or * to list all spells.
Aiming: Magic Dart
Press: ? - help, Shift-Dir - straight line, f/p - orc wizard
Aim: an orc wizard, wielding a dagger and wearing an embroidered robe (slightly transparent)
The magic dart hits the orc wizard.
The orc wizard is lightly wounded.
Your crimson imp hits the orc.
You scratch the orc wizard but do no damage.
The orc wizard is lightly wounded.
The orc closely misses your crimson imp.
The orc wizard casts a spell at you. The magic dart hits you!
Your crimson imp barely misses the orc. x2
The orc hits your crimson imp with a club.
The orc priest invokes the aid of Beogh against you.
Beogh smites you!
Ouch! That really hurt!
You die...
Your body crumbles into a pile of gold.

#.....#
##### .
#..##.# ..
#..##.# ...
###.....#
.... #...oo#
.....#.##55#
. #.......#
...####.##o#
..........@#
...###...#.#
#....#...
#....#...#
#...##...##
#.......>..
#...#.(####
#####.....
##### $


You could see an orc priest, an orc wizard (invisible), an orc and 2 friendly
crimson imps.

Vanquished Creatures
  Natasha (D:3)
  3 adders
  An ooze (D:1)
  An adder skeleton (D:4)
  4 leopard geckos
  An orc (D:3)
  6 bats
  3 giant cockroaches
  6 goblins
  7 hobgoblins
  7 kobolds
  A quokka (D:3)
  5 frilled lizards
  5 rats
51 creatures vanquished.

Vanquished Creatures (collateral kills)
  The ghost of
  1994 the Chucker, an amateur OgHu (D:3)
1 creature vanquished.

Vanquished Creatures (others)
  A hobgoblin (D:3)
1 creature vanquished.

Grand Total: 53 creatures vanquished

Notes
Turn   | Place    | Note
-------+----------+-------------------------------------------
     0 | D:1      | inc the Felid Wizard began the quest for the Orb.
     0 | D:1      | Reached XP level 1. HP: 7/7 MP: 5/5
    24 | D:1      | Reached skill level 1 in Conjurations
   150 | D:1      | Reached XP level 2. HP: 11/11 MP: 0/7
  1171 | D:2      | Reached XP level 3. HP: 14/14 MP: 5/8
  1337 | D:2      | Found a glowing silver altar of Zin.
  1337 | D:2      | Found an iron altar of Okawaru.
  1337 | D:2      | Found a bloodstained altar of Trog.
  2432 | D:3      | Noticed Natasha
  2437 | D:3      | Killed Natasha
  2437 | D:3      | Reached XP level 4. HP: 5/18 MP: 3/9
  2653 | D:2      | Learned a level 3 spell: Mephitic Cloud
  2682 | D:3      | Learned a level 2 spell: Call Imp
  2816 | D:3      | Noticed 1994's ghost (amateur OgHu)
  2845 | D:3      | Killed 1994's ghost
  2845 | D:3      | Reached skill level 1 in Air Magic
  2845 | D:3      | Reached skill level 1 in Poison Magic
  2845 | D:3      | Reached XP level 5. HP: 10/21 MP: 1/10
  3357 | D:3      | Noticed Grinder
  3361 | D:3      | Found an opulent altar of Gozag.
  3452 | D:3      | Became a worshipper of Gozag Ym Sagoz the Greedy
  3644 | D:4      | Found a radiant altar of Vehumet.
  3658 | D:4      | HP: 1/21 [orc wizard/magic dart (7)]
  3681 | D:4      | Killed from afar by an orc wizard
  3682 | D:4      | Reached XP level 4. HP: -3/18 MP: 2/9
  3705 | D:4      | Killed from afar by an orc priest

Skill      XL: |  1  2  3  4  5 |
---------------+----------------+-----
Conjurations   | 1 2 3 |  3.5
Air Magic      | 1 2 |  2.1
Poison Magic   | 1 2 |  2.1
Dodging        | |  2.6
Stealth        | |  2.6
Spellcasting   | |  3.0
Summonings     | |  1.0
Translocations | |  1.5

Action                   |  1- 3 |  4- 6 || total
-------------------------+-------+-------++-------
Melee: Unarmed           |     1 |    13 ||    14
       Bite              |       |     1 ||     1
 Cast: Magic Dart        |    59 |    59 ||   118
       Call Imp          |       |    11 ||    11
       Mephitic Cloud    |       |     1 ||     1
  Use: Potion            |       |     1 ||     1
 Stab: Sleeping          |     1 |       ||     1
       Invisible         |       |     2 ||     2
  Eat: Chunk             |       |     3 ||     3
Armor: Skin              |     1 |     1 ||     2
Dodge: Dodged            |     8 |    32 ||    40
